 Dungeon Crawl Stone Soup version 0.27-a0-1456-gf5a116941d (webtiles) character file.

Game seed: 5128261079792271013

4 Delamore the Shield-Bearer (level 1, -1/18 HPs)
             Began as a Formicid Fighter on July 6, 2021.
             Slain by a jackal (3 damage)
             ... on level 1 of the Dungeon.
             The game lasted 00:00:27 (99 turns).

Delamore the Shield-Bearer (Formicid Fighter)         Turns: 99, Time: 00:00:27

Health: -1/18      AC:  6    Str: 20    XL:     1   Next: 66%
Magic:  1/1        EV:  7    Int:  7    God:
Gold:   0          SH:  9    Dex: 10    Spells: 0/0 levels left

rFire    . . .     SeeInvis +   a - +0 quarterstaff
rCold    . . .     Faith    .   c - +0 kite shield
rNeg     . . .     Spirit   .   b - +0 scale mail
rPois    .         Reflect  .   (helmet unavailable)
rElec    .         Harm     .   (no cloak)
rCorr    .         Rampage  .   (no gloves)
Will     .....                  (no boots)
Stlth    ..........             (no amulet)
HPRegen  0.06/turn              (no ring)
MPRegen  0.07/turn              (no ring)

@: no status effects
A: permanent stasis, dig shafts and tunnels, antennae 3, four strong arms
a: Dig, Shaft Self


You were on level 1 of the Dungeon.
You visited 1 branch of the dungeon, and saw 1 of its levels.

Inventory:

Hand Weapons
 a - a +0 quarterstaff (weapon)
Armour
 b - a +0 scale mail (worn)
 c - a +0 kite shield (worn)
Potions
 d - a potion of might
 e - a potion of curing {unknown}


   Skills:
 + Level 3.4 Fighting
 * Level 2.2 Staves
 - Level 3.2 Armour
 - Level 3.6 Shields


You couldn't memorise any spells.
You didn't know any spells.
Your spell library was empty.

Dungeon Overview and Level Annotations

Branches:
Dungeon (1/15)

Altars:


Innate Abilities, Weirdness & Mutations

You cannot be hasted, slowed, berserked, paralysed or teleported.
You can dig through walls and to a lower floor.
You have a pair of large antennae on your head. (SInv)
Your four strong arms can wield two-handed weapons with a shield.


Message History

The jackal closely misses you. The kobold closely misses you.
An endoplasm comes into view.
You closely miss the jackal.
The endoplasm quivers.
You block the jackal's attack. You block the kobold's attack.
The jackal barely misses you.
The jackal bites you but does no damage.
You block the kobold's attack.
You sock the jackal!
You kill the jackal!
You block the kobold's attack. The jackal bites you.
The jackal bites you but does no damage.
You barely miss the jackal. The jackal closely misses you.
The jackal barely misses you. You block the kobold's attack.
You block the jackal's attack.
The jackal bites you but does no damage.
You hit the jackal but do no damage.
The jackal bites you but does no damage.
The jackal closely misses you. You block the kobold's attack.
The jackal bites you. The jackal barely misses you.
The kobold hits you with a +0 whip of electrocution.
You hit the jackal but do no damage. You block the jackal's attack.
The jackal bites you but does no damage.
The kobold hits you but does no damage.
You are electrocuted!
Ouch! That really hurt!
* * * LOW HITPOINT WARNING * * *
The jackal bites you.
* * * LOW HITPOINT WARNING * * *
The jackal bites you but does no damage.
You are too injured to fight recklessly!
You are too injured to fight recklessly!
You are too injured to fight recklessly!
You are too injured to fight recklessly!
You are too injured to fight recklessly!
You are too injured to fight recklessly!
You are too injured to fight recklessly!
The jackal closely misses you.
You see here 12 bolts.
The jackal bites you.
You die...

#. #.#.#
######.#.#
#........#
#.#....#.# .
.......#.# ..
#....#.###.#..
####....#KgJ.....
........hhr.$....
######@#####.#.#
#..####.#
#.......#
##..##### ##.#
#.# # #.#####.#
#..#.....
##.#.##.#


You could see an endoplasm, 2 jackals, a goblin, a kobold and a rat.

Vanquished Creatures
  An endoplasm (D:1)
  2 jackals (D:1)
3 creatures vanquished.

Notes
Turn   | Place    | Note
-------+----------+-------------------------------------------
     0 | D:1      | Delamore the Formicid Fighter began the quest for the Orb.
     0 | D:1      | Reached XP level 1. HP: 18/18 MP: 1/1
    99 | D:1      | Slain by a jackal

Illustrated notes

Levels and vault maps discovered:
D:1:      mrwooster_arrival_statue_2, layout_basic, serial_aquarium,
          aquarium_bridge_square [aquarium_subvault_bridge,
          aquarium_subvault_wall, aquarium_subvault_window,
          aquarium_subvault_wall], aquarium_window_1, aquarium_window_corner,
          aquarium_window_1, aquarium_view_2d, aquarium_balcony_double_1

Action                   || total
-------------------------++-------
Melee: Quarterstaff      ||    13
Armor: Scale mail        ||     9
Dodge: Dodged            ||    10
Block: Kite shield       ||    14

Table legend: (Time is in decaauts)
 A = Elapsed time spent in this place.
 B = Non-inter-level travel time spent in this place.
 C = Inter-level travel time spent in this place.
 D = Time resting spent in this place.
 E = Time spent auto-exploring this place.
 F = Levels seen in this place.
 G = Mean time per level.
                   A        B        C        D        E       F      G
               +--------+--------+--------+--------+--------+-----+--------+
         Total |    103 |    103 |      0 |      0 |     72 |   1 |  103.0 |
       Dungeon |    103 |    103 |      0 |      0 |     72 |   1 |  103.0 |
               +--------+--------+--------+--------+--------+-----+--------+

Top non-repeatable levels by time:
     D:1: 103 daAuts
